General information
- name: BNet
- type: Ladder team game (AT/RT)
- host: Battle.net
- saver: MyPeonsRLazy
map: Deathknell
- players: 8
- length: 11:49
- speed: Fast
- version: 1.28 W3XP
- replay type: Public
» download(85 KB)
Players
team 1 (loser)

»
GeneralWalrus (
yellow | 48 APM | 221 actions | 04:37)
2 Tauren Chieftain
1 Shockwave
1 Endurance Aura
» actions
| Build / train | 17 | |
| Enter build submenu | 6 | |
| Enter hero's abilities submenu | 2 | |
| Right click | 108 | |
| Select / deselect | 78 | |
| Use ability | 10 | |
221 total
» units
» buildings
| Altar of Storms | 1 | |
| Orc Burrow | 3 | |
| Barracks | 1 | |
| Voodoo Lounge | 1 | |
| Stronghold | 1 | |
7 total
» build order
00:06 Altar of Storms
00:13 Orc Burrow
00:27 Barracks
01:40 Orc Burrow
02:06 Voodoo Lounge
02:52 Stronghold
04:33 Orc Burrow
» items
| Healing Salve | 1 | |
| Lesser Clarity Potion | 1 | |
2 total

»
GBD (
orange | 45 APM | 153 actions | 03:24)
1 Mountain King
1 Storm Bolt
» actions
| Assign group hotkey | 9 | |
| Basic commands | 2 | |
| Build / train | 13 | |
| Enter build submenu | 7 | |
| Enter hero's abilities submenu | 1 | |
| Right click | 38 | |
| Select / deselect | 28 | |
| Select group hotkey | 45 | |
| Use ability | 10 | |
153 total
» units
» buildings
| Altar of Kings | 1 | |
| Barracks | 1 | |
| Farm | 3 | |
| Blacksmith | 1 | |
| Arcane Vault | 1 | |
7 total
» build order
00:15 Altar of Kings
00:23 Barracks
00:36 Farm
01:09 Farm
01:48 Farm
02:01 Blacksmith
03:07 Arcane Vault

»
sunshine27 (
purple | 15 APM | 177 actions | 11:38)
2 Mountain King
1 Storm Bolt
1 Thunder Clap
» actions
| Basic commands | 3 | |
| Build / train | 16 | |
| Enter build submenu | 15 | |
| Enter hero's abilities submenu | 2 | |
| Right click | 43 | |
| Select / deselect | 64 | |
| Use ability | 34 | |
177 total
» units
» buildings
| Farm | 4 | |
| Altar of Kings | 1 | |
| Barracks | 1 | |
| Arcane Vault | 1 | |
| Keep | 1 | |
| Scout Tower | 1 | |
| Arcane Tower | 1 | |
| War Mill | 1 | |
| Orc Burrow | 5 | |
16 total
» build order
00:11 Farm
00:14 Altar of Kings
00:48 Barracks
01:30 Arcane Vault
02:01 Farm
03:56 Keep
04:03 Farm
04:55 Farm
06:03 Scout Tower
06:30 Arcane Tower
08:20 War Mill
08:43 Orc Burrow
08:50 Orc Burrow
08:52 Orc Burrow
08:56 Orc Burrow
09:00 Orc Burrow
» items
| Potion of Healing | 1 | |
| Lesser Clarity Potion | 1 | |
2 total
team 2 (winner)

»
pichicacaculo (
pink | 66 APM | 780 actions | 11:49)
4 Goblin Tinker
2 Pocket Factory
2 Engineering Upgrade
3 Priestess of the Moon
2 Trueshot Aura
1 Searing Arrows
» actions
| Assign group hotkey | 20 | |
| Basic commands | 38 | |
| Build / train | 47 | |
| Enter build submenu | 15 | |
| Enter hero's abilities submenu | 7 | |
| Right click | 189 | |
| Select / deselect | 267 | |
| Select group hotkey | 175 | |
| Use ability | 22 | |
780 total
» units
| Wisp | 15 | |
| Archer | 8 | |
| Druid of the Talon | 2 | |
| Faerie Dragon | 3 | |
| Huntress | 2 | |
30 total
» upgrades
| Improved Bows | 1 | |
| Strength of the Moon | 2 | |
| Strength of the Wild | 1 | |
| Moon Armor | 1 | |
5 total
» buildings
| Moon Well | 6 | |
| Altar of Elders | 1 | |
| Ancient of War | 1 | |
| Tree of Ages | 1 | |
| Hunter's Hall | 1 | |
| Ancient of Wonders | 1 | |
| Ancient of Wind | 1 | |
| Tree of Life | 1 | |
| Tree of Eternity | 1 | |
| Ancient of Lore | 1 | |
15 total
» build order
00:20 Moon Well
00:48 Altar of Elders
00:57 Ancient of War
01:32 Moon Well
03:10 Tree of Ages
03:54 Hunter's Hall
04:28 Moon Well
04:33 Ancient of Wonders
05:46 Ancient of Wind
05:56 Moon Well
06:58 Tree of Life
07:04 Moon Well
10:05 Tree of Eternity
10:12 Moon Well
11:15 Ancient of Lore
» items
MiloKin (
blue | 38 APM | 445 actions | 11:49)
4 Dreadlord
2 Vampiric Aura
1 Sleep
1 Carrion Swarm
» actions
| Assign group hotkey | 4 | |
| Basic commands | 28 | |
| Build / train | 46 | |
| Enter build submenu | 13 | |
| Enter hero's abilities submenu | 4 | |
| Right click | 198 | |
| Select / deselect | 113 | |
| Select group hotkey | 10 | |
| Use ability | 26 | |
445 total
» units
» upgrades
| Unholy Armor | 2 | |
| Unholy Strength | 2 | |
4 total
» buildings
| Crypt | 2 | |
| Ziggurat | 7 | |
| Graveyard | 1 | |
| Altar of Darkness | 1 | |
| Tomb of Relics | 1 | |
| Halls of the Dead | 1 | |
| Black Citadel | 1 | |
14 total
» build order
00:14 Crypt
00:19 Ziggurat
00:43 Graveyard
01:04 Altar of Darkness
01:19 Ziggurat
01:54 Tomb of Relics
03:14 Ziggurat
05:16 Halls of the Dead
05:43 Ziggurat
06:38 Crypt
09:33 Ziggurat
09:34 Ziggurat
09:37 Ziggurat
10:16 Black Citadel
» items

»
SAINT_SEIYA (
teal | 49 APM | 579 actions | 11:49)
3 Blademaster
1 Wind Walk
2 Critical Strike
» actions
| Assign group hotkey | 6 | |
| Basic commands | 34 | |
| Build / train | 42 | |
| Enter build submenu | 16 | |
| Enter hero's abilities submenu | 3 | |
| Remove unit from queue | 1 | |
| Right click | 310 | |
| Select / deselect | 95 | |
| Select group hotkey | 54 | |
| Use ability | 18 | |
579 total
» units
| Peon | 9 | |
| Troll Headhunter/Berserker | 9 | |
| Wind Rider | 13 | |
31 total
» upgrades
| Ranged Weapons | 2 | |
| Troll Regeneration | 1 | |
| Spiked Barricades | 0 | |
| Melee Weapons | 1 | |
4 total
» buildings
| Altar of Storms | 1 | |
| Orc Burrow | 8 | |
| Barracks | 1 | |
| War Mill | 1 | |
| Voodoo Lounge | 1 | |
| Stronghold | 1 | |
| Beastiary | 2 | |
| Fortress | 1 | |
16 total
» build order
00:18 Altar of Storms
00:26 Orc Burrow
00:59 Barracks
01:43 Orc Burrow
02:01 War Mill
02:17 Voodoo Lounge
03:30 Orc Burrow
04:00 Stronghold
05:05 Orc Burrow
05:44 Orc Burrow
06:54 Beastiary
06:56 Beastiary
07:25 Orc Burrow
09:39 Orc Burrow
11:21 Fortress
11:31 Orc Burrow

»
Astrael (
green | 58 APM | 691 actions | 11:49)
2 Archmage
1 Summon Water Elemental
1 Brilliance Aura
1 Paladin
1 Holy Light
» actions
| Assign group hotkey | 8 | |
| Basic commands | 31 | |
| Build / train | 47 | |
| Enter build submenu | 34 | |
| Enter hero's abilities submenu | 3 | |
| Right click | 239 | |
| Select / deselect | 157 | |
| Select group hotkey | 123 | |
| Use ability | 49 | |
691 total
» units
» upgrades
| Masonry | 1 | |
| Lumber Harvesting | 1 | |
2 total
» buildings
| Farm | 7 | |
| Scout Tower | 9 | |
| Lumber Mill | 1 | |
| Arcane Tower | 1 | |
| Altar of Kings | 1 | |
| Barracks | 2 | |
| Keep | 1 | |
| Guard Tower | 4 | |
| Town Hall | 2 | |
| Arcane Vault | 1 | |
| Castle | 1 | |
| Blacksmith | 1 | |
| Gryphon Aviary | 3 | |
34 total
» build order
00:20 Farm
00:42 Farm
00:55 Scout Tower
00:58 Scout Tower
01:03 Farm
01:20 Lumber Mill
01:26 Arcane Tower
02:02 Scout Tower
02:11 Scout Tower
02:34 Altar of Kings
02:59 Barracks
03:02 Barracks
03:39 Farm
03:44 Farm
03:45 Farm
03:51 Farm
04:24 Scout Tower
04:44 Scout Tower
04:49 Keep
05:14 Scout Tower
05:16 Scout Tower
05:18 Scout Tower
05:43 Guard Tower
05:45 Guard Tower
05:52 Guard Tower
07:06 Town Hall
07:18 Guard Tower
08:42 Arcane Vault
09:31 Castle
11:00 Town Hall
11:09 Blacksmith
11:19 Gryphon Aviary
11:20 Gryphon Aviary
11:21 Gryphon Aviary
Chat log
(00:07 / Allies) GBD: sup
(00:09 / Allies) GeneralWalrus: hi
(00:15 / Allies) GeneralWalrus: tc grunts
(00:19 / Allies) GeneralWalrus: prob tauren
(00:27 / Allies) sunshine27: almost afk phew
(00:55 / Allies) GBD: well red is afk
(00:58 / All) sunshine27: it's no fgun being afker
(01:08 / All) sunshine27: fun
(01:08 / All) MyPeonsRLazy: beg to differ
(01:15 / Allies) GBD: ah hes just a loser
(01:17 / All) sunshine27: it's noooooooooooooooo fun being afk
(01:22 / Allies) GeneralWalrus: no his peons are just lazy
(01:24 / Allies) GeneralWalrus: lmao
(01:44 / Allies) sunshine27: lazy peons all they want to do is dance
(02:17 / Allies) sunshine27: make your peon dance red
(02:22 / Allies) sunshine27: they bore me
(02:51 / Allies) MyPeonsRLazy: I relayed the request but they refuse, citing a need to lounge on the porch and sip 40s
(02:59 / Allies) GeneralWalrus: LOL
(03:12 / Allies) GeneralWalrus: peons= black confirmed?
(03:22 / Allies) GBD: k see ya
(03:27 / Allies) MyPeonsRLazy: They are metapersons of color
(03:50 / All) sunshine27: why did you join red?
(04:03 / All) MyPeonsRLazy: I came to win, but my peons were lazy
(04:26 / All) sunshine27: no excuse...you make your peons work or go home
(04:34 / All) sunshine27: i am GOD
(04:42 / All) MyPeonsRLazy: They're dead now, enough about them RIP
(04:49 / All) sunshine27: hahahahha
(05:16 / All) sunshine27: that's what you get for spoiling your slaves
(07:09 / All) sunshine27: cool hint: easy wins is for cat hatters
(07:31 / All) sunshine27: u cat haters
(10:39 / All) sunshine27: my burrows will save the day
(10:57 / All) sunshine27: lol
(11:34 / All) sunshine27: let's go red...this game is over